TOP OF THE 1ST |
Georgia Bulldogs batting - Pitching for North Carolina Tar Heels : LHP Kevin Newton
|
Pitching: LHP Kevin Newton
|
|
Batting: LHB Mike White
|
0-0: Ball 1-0: Ball 2-0: Ball 3-0: Called Strike 3-1: SINGLE (Groundball, 6M) (infield hit)
|
Batting: SHB Lawrence Farley
|
0-0: SINGLE (Groundball, 4MD) Mike White to second Runner from 2nd tries for 3rd, SAFE, throw made to third
|
Batting: RHB Jesús Ortíz
|
0-0: Ball 1-0: Fly out, F8 (Flyball, 8RM) Runner from 3rd tags up, SCORES, no throw
|
Batting: RHB Francisco Rodríguez
|
0-0: Ball 1-0: Ball 2-0: Called Strike 2-1: SINGLE (Groundball, 6MD) Lawrence Farley to second
|
Batting: RHB Félix Castro
|
0-0: Swinging Strike 0-1: Ball 1-1: Ball 2-1: DOUBLE (Groundball, 3L) Lawrence Farley scores Francisco Rodríguez to third
|
Batting: RHB Jeremiah Soto
|
0-0: Ball 1-0: Called Strike 1-1: Swinging Strike 1-2: Ball 2-2: Ball 3-2: Fly out, F9 (Flyball, 9D) Runner from 3rd tags up, SCORES, no throw
|
Batting: RHB John Dyer
|
0-0: Fly out, F7 (Flyball, 7M)
|
Top of the 1st over - 3 run(s), 4 hit(s), 0 error(s), 1 left on base; Georgia 3 - North Carolina 0 |
BOTTOM OF THE 1ST |
North Carolina Tar Heels batting - Pitching for Georgia Bulldogs : RHP José Álvarez
|
Pitching: RHP José Álvarez
|
|
Batting: RHB Mike Shelton
|
0-0: Ball 1-0: Called Strike 1-1: Swinging Strike 1-2: Ball 2-2: SINGLE (Line Drive, 7LS)
|
Batting: LHB Cliff David
|
0-0: Ball Mike Shelton steals 2nd base 1-0: Fly out, F9 (Popup, 34D)
|
Batting: LHB Vaughn Carter
|
0-0: Ball 1-0: Ball 2-0: Foul Ball, location: 2F 2-1: 2-RUN HOME RUN (Line Drive, 9D), Distance : 373 ft
|
Batting: SHB Ken Hernández
|
0-0: Ball 1-0: Ball 2-0: Ground out 6-3 (Groundball, 6M)
|
Batting: LHB Dan Hamilton
|
0-0: Foul Ball, location: 2F 0-1: Ball 1-1: Foul Ball, location: 2F 1-2: Ball 2-2: Foul Ball, location: 2F 2-2: Strikes out swinging
|
Bottom of the 1st over - 2 run(s), 2 hit(s), 0 error(s), 0 left on base; Georgia 3 - North Carolina 2 |
TOP OF THE 2ND |
Georgia Bulldogs batting - Pitching for North Carolina Tar Heels : LHP Kevin Newton
|
Batting: LHB Dave Lee
|
0-0: Bunted foul 0-1: Swinging Strike 0-2: Strikes out swinging
|
Batting: RHB Jorge Pérez
|
0-0: Ball 1-0: Fly out, F8 (Flyball, 8RM)
|
Batting: LHB Mike White
|
0-0: Ball 1-0: Fly out, F7 (Flyball, 78M)
|
Top of the 2nd over - 0 run(s), 0 hit(s), 0 error(s), 0 left on base; Georgia 3 - North Carolina 2 |
BOTTOM OF THE 2ND |
North Carolina Tar Heels batting - Pitching for Georgia Bulldogs : RHP José Álvarez
|
Batting: RHB Miguel Mendoza
|
0-0: Ball 1-0: Ball 2-0: Ball 3-0: Base on Balls
|
Batting: SHB Richard Griffin
|
0-0: Ball 1-0: Ball 2-0: Ball Miguel Mendoza is caught stealing 2nd base 3-0: Called Strike 3-1: Foul Ball, location: 2F 3-2: Strikes out swinging
|
Batting: LHB Dan Chandler
|
0-0: Ball 1-0: Ball 2-0: Called Strike 2-1: Called Strike 2-2: Foul Ball, location: 2F 2-2: Foul Ball, location: 2F 2-2: Strikes out swinging
|
Bottom of the 2nd over - 0 run(s), 0 hit(s), 0 error(s), 0 left on base; Georgia 3 - North Carolina 2 |
TOP OF THE 3RD |
Georgia Bulldogs batting - Pitching for North Carolina Tar Heels : LHP Kevin Newton
|
Batting: SHB Lawrence Farley
|
0-0: Swinging Strike 0-1: Foul Ball, location: 2F 0-2: Ball 1-2: Strikes out swinging
|
Batting: RHB Jesús Ortíz
|
0-0: Ball 1-0: Swinging Strike 1-1: Ball 2-1: Ground out 6-3 (Groundball, 6)
|
Batting: RHB Francisco Rodríguez
|
0-0: Called Strike 0-1: Called Strike 0-2: Ball 1-2: Ball 2-2: Ball 3-2: Strikes out looking
|
Top of the 3rd over - 0 run(s), 0 hit(s), 0 error(s), 0 left on base; Georgia 3 - North Carolina 2 |
BOTTOM OF THE 3RD |
North Carolina Tar Heels batting - Pitching for Georgia Bulldogs : RHP José Álvarez
|
Batting: LHB Owen Moreno
|
0-0: SINGLE (Line Drive, 4D)
|
Batting: RHB Mike Shelton
|
0-0: Ball 1-0: Ground out 6-3 (Groundball, 6S) Owen Moreno to second
|
Batting: LHB Cliff David
|
0-0: Called Strike 0-1: Ball 1-1: Ball 2-1: Ball 3-1: Called Strike 3-2: Base on Balls
|
Batting: LHB Vaughn Carter
|
0-0: Swinging Strike 0-1: Ball 1-1: Ball 2-1: Ball 3-1: Foul Ball, location: 2F 3-2: Foul Ball, location: 2F 3-2: Base on Balls Owen Moreno to third Cliff David to second
|
Batting: SHB Ken Hernández
|
0-0: Ball 1-0: Fly out, F8 (Flyball, 8LM) Runner from 3rd tags up, SCORES, no throw
|
Batting: LHB Dan Hamilton
|
0-0: Foul Ball, location: 2F 0-1: Foul Ball, location: 2F 0-2: Strikes out swinging
|
Bottom of the 3rd over - 1 run(s), 1 hit(s), 0 error(s), 2 left on base; Georgia 3 - North Carolina 3 |
TOP OF THE 4TH |
Georgia Bulldogs batting - Pitching for North Carolina Tar Heels : LHP Kevin Newton
|
Batting: RHB Félix Castro
|
0-0: Called Strike 0-1: Ground out 4-3 (Groundball, 4)
|
Batting: RHB Jeremiah Soto
|
0-0: Ball 1-0: Foul Ball, location: 2F 1-1: Ground out 4-3 (Groundball, 4)
|
Batting: RHB John Dyer
|
0-0: Called Strike 0-1: Fly out, F9 (Flyball, 89D)
|
Top of the 4th over - 0 run(s), 0 hit(s), 0 error(s), 0 left on base; Georgia 3 - North Carolina 3 |
BOTTOM OF THE 4TH |
North Carolina Tar Heels batting - Pitching for Georgia Bulldogs : RHP José Álvarez
|
Batting: RHB Miguel Mendoza
|
0-0: Called Strike 0-1: Called Strike 0-2: Ball 1-2: Strikes out swinging
|
Batting: SHB Richard Griffin
|
0-0: Called Strike 0-1: Swinging Strike 0-2: Ball 1-2: Ball 2-2: Ball 3-2: Strikes out swinging
|
Batting: LHB Dan Chandler
|
0-0: Called Strike 0-1: Called Strike 0-2: Ball 1-2: SOLO HOME RUN (Line Drive, 8RXD), Distance : 390 ft
|
Batting: LHB Owen Moreno
|
0-0: Swinging Strike 0-1: Called Strike 0-2: Foul Ball, location: 2F 0-2: Fly out, F8 (Flyball, 8LM)
|
Bottom of the 4th over - 1 run(s), 1 hit(s), 0 error(s), 0 left on base; Georgia 3 - North Carolina 4 |
TOP OF THE 5TH |
Georgia Bulldogs batting - Pitching for North Carolina Tar Heels : LHP Kevin Newton
|
Batting: LHB Dave Lee
|
0-0: Called Strike 0-1: Ball 1-1: Foul Ball, location: 2F 1-2: Ball 2-2: DOUBLE (Line Drive, 3D)
|
Batting: RHB Jorge Pérez
|
0-0: Ground out 2-3 (Groundball, 2L) Dave Lee to third
|
Batting: LHB Mike White
|
0-0: SINGLE (Flyball, 6MD) Dave Lee scores
|
Batting: SHB Lawrence Farley
|
0-0: Ball 1-0: Called Strike 1-1: Swinging Strike 1-2: Foul Ball, location: 2F 1-2: Strikes out swinging
|
Batting: RHB Jesús Ortíz
|
0-0: Called Strike 0-1: Ball 1-1: Swinging Strike 1-2: Ball 2-2: Strikes out swinging
|
Top of the 5th over - 1 run(s), 2 hit(s), 0 error(s), 1 left on base; Georgia 4 - North Carolina 4 |
BOTTOM OF THE 5TH |
North Carolina Tar Heels batting - Pitching for Georgia Bulldogs : RHP José Álvarez
|
Batting: RHB Mike Shelton
|
0-0: Ball 1-0: Ball 2-0: Ball 3-0: Called Strike 3-1: Ground out 2-3 (Groundball, 2L)
|
Pitching: RHP Dave Hinkley
|
|
Batting: LHB Cliff David
|
0-0: Foul Ball, location: 2F 0-1: Ball 1-1: Foul Ball, location: 2F 1-2: Ball 2-2: Ball 3-2: Foul Ball, location: 2F 3-2: Base on Balls
|
Batting: LHB Vaughn Carter
|
0-0: Ball 1-0: TRIPLE (Line Drive, 3L) Cliff David scores
|
Batting: SHB Ken Hernández
|
0-0: Intentional Walk
|
Batting: LHB Dan Hamilton
|
0-0: Called Strike 0-1: Ball 1-1: Swinging Strike 1-2: Strikes out swinging
|
Batting: RHB Miguel Mendoza
|
0-0: Ball 1-0: Swinging Strike 1-1: Swinging Strike 1-2: Strikes out swinging
|
Bottom of the 5th over - 1 run(s), 1 hit(s), 0 error(s), 2 left on base; Georgia 4 - North Carolina 5 |
TOP OF THE 6TH |
Georgia Bulldogs batting - Pitching for North Carolina Tar Heels : LHP Kevin Newton
|
Batting: RHB Francisco Rodríguez
|
0-0: Foul Ball, location: 2F 0-1: Ground out 6-3 (Groundball, 6)
|
Batting: RHB Félix Castro
|
0-0: Ball 1-0: Fly out, F9 (Flyball, 9M)
|
Batting: RHB Jeremiah Soto
|
0-0: Called Strike 0-1: Ball 1-1: Fly out, F8 (Flyball, 8LM)
|
Top of the 6th over - 0 run(s), 0 hit(s), 0 error(s), 0 left on base; Georgia 4 - North Carolina 5 |
BOTTOM OF THE 6TH |
North Carolina Tar Heels batting - Pitching for Georgia Bulldogs : RHP Dave Hinkley
|
Batting: SHB Richard Griffin
|
0-0: Ground out 4-3 (Groundball, 4)
|
Batting: LHB Dan Chandler
|
0-0: Ball 1-0: Swinging Strike 1-1: Foul Ball, location: 2F 1-2: Foul Ball, location: 2F 1-2: Foul Ball, location: 2F 1-2: Strikes out looking
|
Batting: LHB Owen Moreno
|
0-0: Called Strike 0-1: Ball 1-1: Ball 2-1: Ball 3-1: Base on Balls
|
Pitching: RHP Victor Coleman
|
|
Batting: RHB Mike Shelton
|
0-0: Ball 1-0: Called Strike Owen Moreno steals 2nd base 1-1: Ball 2-1: Ball 3-1: Base on Balls
|
Batting: LHB Cliff David
|
0-0: Called Strike 0-1: Ball 1-1: Called Strike 1-2: Strikes out swinging
|
Bottom of the 6th over - 0 run(s), 0 hit(s), 0 error(s), 2 left on base; Georgia 4 - North Carolina 5 |
TOP OF THE 7TH |
Georgia Bulldogs batting - Pitching for North Carolina Tar Heels : LHP Kevin Newton
|
Batting: RHB John Dyer
|
0-0: Foul Ball, location: 2F 0-1: Ball 1-1: Ball 2-1: Called Strike 2-2: Ground out 1-3 (Groundball, 13S)
|
Pitching: LHP Jeff Graham
|
|
Batting: LHB Dave Lee
|
0-0: Fly out, F6 (Popup, 4M)
|
Batting: RHB Jorge Pérez
|
0-0: Ball 1-0: Ball 2-0: Ball 3-0: Base on Balls
|
Batting: LHB Mike White
|
0-0: Ball 1-0: Fly out, F8 (Line Drive, 8LM)
|
Top of the 7th over - 0 run(s), 0 hit(s), 0 error(s), 1 left on base; Georgia 4 - North Carolina 5 |
BOTTOM OF THE 7TH |
North Carolina Tar Heels batting - Pitching for Georgia Bulldogs : RHP Victor Coleman
|
Batting: LHB Vaughn Carter
|
0-0: Called Strike 0-1: Ball 1-1: Foul Ball, location: 2F 1-2: Foul Ball, location: 2F 1-2: Ball 2-2: Foul Ball, location: 2F 2-2: SINGLE (Line Drive, 34)
|
Batting: SHB Ken Hernández
|
0-0: Ball 1-0: Fly out, F5 (Popup, 5DF)
|
Batting: LHB Dan Hamilton
|
0-0: Called Strike 0-1: Called Strike 0-2: Strikes out swinging
|
Batting: RHB Miguel Mendoza
|
0-0: SINGLE (Groundball, 5D) Vaughn Carter to second
|
Batting: SHB Richard Griffin
|
0-0: Called Strike 0-1: Fly out, F8 (Flyball, 8LM)
|
Bottom of the 7th over - 0 run(s), 2 hit(s), 0 error(s), 2 left on base; Georgia 4 - North Carolina 5 |
TOP OF THE 8TH |
Georgia Bulldogs batting - Pitching for North Carolina Tar Heels : LHP Jeff Graham
|
Pitching: RHP Francisco Olivares
|
|
Now at C: Russell Thomas
|
|
Batting: SHB Lawrence Farley
|
0-0: Swinging Strike 0-1: Ball 1-1: Ball 2-1: Ball 3-1: Foul Ball, location: 2F 3-2: SINGLE (Groundball, 56D)
|
Batting: RHB Jesús Ortíz
|
0-0: Foul Ball, location: 2F 0-1: Ball 1-1: Fly out, F8 (Flyball, 8LS)
|
Batting: RHB Francisco Rodríguez
|
0-0: Ball 1-0: SINGLE (Groundball, 34) Lawrence Farley to second Throwing error, E9 Lawrence Farley scores Francisco Rodríguez to second
|
Batting: RHB Félix Castro
|
0-0: Ball 1-0: Foul Ball, location: 2F 1-1: Ball Francisco Rodríguez is caught stealing 3rd base 2-1: Ground out 6-3 (Groundball, 6M)
|
Top of the 8th over - 1 run(s), 2 hit(s), 1 error(s), 0 left on base; Georgia 5 - North Carolina 5 |
BOTTOM OF THE 8TH |
North Carolina Tar Heels batting - Pitching for Georgia Bulldogs : RHP Victor Coleman
|
Batting: LHB Dan Chandler
|
0-0: Called Strike 0-1: Ground out 1-3 (Groundball, 23)
|
Batting: LHB Owen Moreno
|
0-0: Ball 1-0: Ball 2-0: Ball 3-0: Base on Balls
|
Batting: RHB Mike Shelton
|
0-0: Sac Bunt - play at first, batter OUT! 1-4 Owen Moreno to second
|
Batting: LHB Cliff David
|
0-0: Called Strike 0-1: Foul Ball, location: 2F 0-2: DOUBLE (Flyball, 9LM) Owen Moreno scores
|
Batting: LHB Vaughn Carter
|
0-0: Ball 1-0: Ball 2-0: Ball 3-0: Called Strike 3-1: Base on Balls
|
Batting: SHB Ken Hernández
|
0-0: Ball 1-0: Fly out, F3 (Line Drive, 34)
|
Bottom of the 8th over - 1 run(s), 1 hit(s), 0 error(s), 2 left on base; Georgia 5 - North Carolina 6 |
TOP OF THE 9TH |
Georgia Bulldogs batting - Pitching for North Carolina Tar Heels : RHP Francisco Olivares
|
Pitching: RHP Spencer Farley
|
|
Now at 1B: Matt McCray
|
|
Now in CF: Frederick Curtis
|
|
Batting: RHB Jeremiah Soto
|
0-0: Called Strike 0-1: Swinging Strike 0-2: Strikes out swinging
|
Batting: RHB John Dyer
|
0-0: Foul Ball, location: 2F 0-1: Ball 1-1: Foul Ball, location: 2F 1-2: Strikes out swinging
|
Batting: LHB Dave Lee
|
0-0: Ball 1-0: Ball 2-0: Swinging Strike 2-1: Foul Ball, location: 2F 2-2: Ball 3-2: DOUBLE (Groundball, 3L)
|
Batting: RHB Jorge Pérez
|
0-0: Ball 1-0: Foul Ball, location: 2F 1-1: SINGLE (Groundball, 56) (infield hit) Dave Lee to third
|
Batting: LHB Mike White
|
0-0: Ball 1-0: Foul Ball, location: 2F 1-1: Foul Ball, location: 2F 1-2: Ball 2-2: Ball 3-2: Strikes out swinging
|
Top of the 9th over - 0 run(s), 2 hit(s), 0 error(s), 2 left on base; Georgia 5 - North Carolina 6 |
|